 Dungeon Crawl Stone Soup version 0.24-a0-370-g78e9d4e317 (webtiles) character file.

Game seed: 17064213522341058088

512419 MisterOstroum the Ninja (level 23, -9/137 HPs)
             Began as a Spriggan Enchanter on May 28, 2019.
             Was the Champion of Ashenzari.
             Killed by the raging water
             ... invoked by a water nymph
              (37 damage)
             ... on level 3 of the Shoals on May 31, 2019.
             The game lasted 09:19:10 (76214 turns).

MisterOstroum the Ninja (Spriggan Enchanter)       Turns: 76214, Time: 09:19:11

Health: -9/137     AC:  9    Str:  7    XL:     23   Next: 95%
Magic:  33/38      EV: 41    Int: 21    God:    Ashenzari [******]
Gold:   473        SH: 12    Dex: 17    Spells: 5/42 levels left

rFire    . . .     SeeInvis +   f - +9 quick blade (drain) (curse)
rCold    + . .     Gourm    .   O - +3 buckler (curse)
rNeg     + + +     Faith    .   t - +2 robe "Pakhlusun" {rPois rCorr Str+2 Dex-2} (curse)
rPois    +         Spirit   .   (helmet restricted)
rElec    .         Reflect  .   F - +2 cloak (curse)
rCorr    +         Harm     .   (gloves unavailable)
MR       +++++     Clarity  +   (boots unavailable)
Stlth    +++++.....             u - amulet of the Four Winds {rN+ MR+++ Clar} (curse)
HPRegen  0.32/turn              h - ring of Duwis {Ice rPois rN++ Str+3 Int-3} (curse)
MPRegen  0.26/turn              K - ring of protection from fire (curse)

@: infused, very slightly contaminated, invisible, slow
A: very small, unfitting armour, repulsion field 1, yellow scales 1, see
invisible, blink, herbivore, speed 3, slow metabolism 2, weak 1
}: 3/15 runes: barnacled, silver, gossamer
a: Blink, Curse Item, Scrying, Transfer Knowledge, Renounce Religion


You were on level 3 of the Shoals.
You worshipped Ashenzari.
Ashenzari was exalted by your worship.
You were not hungry.

You visited 10 branches of the dungeon, and saw 49 of its levels.
You visited the Abyss 4 times.
You visited 1 bazaar.
You also visited: Ossuary, Ice Cave, Volcano and Wizlab.

You collected 5045 gold pieces.
You spent 4572 gold pieces at shops.

Inventory:

Hand Weapons
 f - a cursed +9 quick blade of draining (weapon)
 Z - the +7 mace of Gonuebredwu {holy, -Tele rN+ Dex+7 Stlth+}
   (You found it on level 4 of the Dungeon)

   It has been blessed by the Shining One to cause great damage to the undead
   and demons.
   It affects your dexterity (+7).
   It protects you from negative energy.
   It prevents most forms of teleportation.
   It makes you more stealthy.
Missiles
 w - 12 curare-tipped darts
 E - 7 silver boomerangs (quivered)
 T - 64 poisoned darts
 X - 26 atropa-tipped darts
Armour
 t - the cursed +2 robe "Pakhlusun" (worn) {rPois rCorr Str+2 Dex-2}
   (You bought it in a shop on level 7 of the Dungeon)

   It affects your strength (+2).
   It affects your dexterity (-2).
   It protects you from poison.
   It provides partial protection from all sources of acid and corrosion.
   It has a curse placed upon it.
 F - a cursed +2 cloak (worn)
 O - a cursed +3 buckler (worn)
Jewellery
 h - the cursed ring of Duwis (left hand) {Ice rPois rN++ Str+3 Int-3}
   (You acquired it on level 14 of the Dungeon)

   [ring of ice]

   It enhances your ice magic.
   It affects your strength (+3).
   It affects your intelligence (-3).
   It makes you vulnerable to fire.
   It protects you from cold.
   It protects you from poison.
   It greatly protects you from negative energy.
   It has a curse placed upon it.
 u - the cursed amulet of the Four Winds (around neck) {rN+ MR+++ Clar}
   (You took it off a deep elf mage on level 3 of the Elven Halls)

   [amulet of nothing]

   It protects you from negative energy.
   It affects your resistance to hostile enchantments.
   It protects you against confusion.
   It has a curse placed upon it.
 K - a cursed ring of protection from fire (right hand)
Wands
 a - a wand of scattershot (10)
 i - a wand of digging (13)
 n - a wand of acid (42)
 x - a wand of clouds (10)
 H - a wand of iceblast (65)
 I - a wand of flame (29)
 J - a wand of paralysis (19)
 L - a wand of disintegration (41)
 V - a wand of polymorph (4)
Scrolls
 b - 14 scrolls of remove curse {@r2}
 j - 25 scrolls of teleportation {@r3 !r}
 k - 6 scrolls of fear {!r}
 q - 5 scrolls of fog {!r}
 z - a scroll of holy word
 A - 3 scrolls of silence
 D - 6 scrolls of blinking {@r4}
 G - a scroll of summoning
 M - 8 scrolls of magic mapping {@r5 !r}
 N - 2 scrolls of torment
 W - 3 scrolls of vulnerability
Potions
 c - 2 potions of heal wounds {@q2 !q}
 d - 16 potions of curing {@q1 !q}
 g - 3 potions of magic
 l - 3 potions of cancellation
 m - 4 potions of mutation
 o - 9 potions of haste {@q4 !q}
 p - 2 potions of invisibility
 s - 9 potions of flight
 v - 6 potions of lignification {@q6 !q}
 y - 10 potions of might {@q3 !q}
 C - 9 potions of brilliance
 Q - 4 potions of resistance
 R - 3 potions of agility {@q5 !q}
 S - 5 potions of ambrosia
Miscellaneous
 r - a crystal ball of energy
 B - a sack of spiders
 P - 2 boxes of beasts
 U - a lightning rod (4/4)
 Y - a phial of floods
Comestibles
 e - 37 rations


   Skills:
 * Level 19.6 Fighting
 * Level 18.6(22.2) Short Blades
 - Level 1.0 Armour
 - Level 25.0(27) Dodging
 O Level 27 Stealth
 - Level 7.4(10.4) Shields
 - Level 10.2 Spellcasting
 + Level 13.1(17.2) Hexes
 - Level 1.3(4.1) Charms
 - Level 1.3(4.1) Ice Magic
 - Level 7.3(11.8) Evocations


You had 5 spell levels left.
You knew the following spells:

 Your Spells              Type           Power        Failure   Level  Hunger
a - Ensorcelled Hibernat  Hex/Ice        ######       1%          2    None
b - Confuse               Hex            ######..     0%          3    None
c - Tukima's Dance        Hex            ######..     0%          3    None
d - Invisibility          Hex            ######..     1%          6    ######.
e - Spectral Weapon       Hex/Chrm       ######..     1%          3    None
f - Infusion              Chrm           ####         1%          1    None
g - Shroud of Golubria    Chrm/Tloc      ###.......   3%          2    None
h - Summon Guardian Gole  Hex/Summ       #####...     1%          3    None
i - Metabolic Englaciati  Hex/Ice        ######....   2%          5    ####...
j - Yara's Violent Unrav  Hex/Tmut       #####.....   4%          5    ####...
q - Cause Fear            Hex            ######....   1%          4    ##.....

Your spell library contained the following spells:

 Spells                   Type           Power        Failure   Level  Hunger
 Confusing Touch          Hex            ######       0%          1    None
 Corona                   Hex            ######.      0%          1    None
 Slow                     Hex            ######..     0%          2    None
 Freeze                   Ice            ####         1%          1    None
 Song of Slaying          Chrm           ####....     1%          2    None
 Dazzling Spray           Conj/Hex       #####.       1%          3    None
 Inner Flame              Hex/Fire       #####...     1%          3    None
 Portal Projectile        Hex/Tloc       #####.       1%          3    None
 Fulminant Prism          Conj/Hex       #####.....   1%          4    ##.....
 Leda's Liquefaction      Hex/Erth       #####.....   1%          4    ##.....
 Swiftness                Chrm/Air       ###.....     3%          2    None
 Throw Frost              Conj/Ice       ####..       3%          2    None
 Ozocubu's Armour         Chrm/Ice       #####...     3%          3    None
 Animate Skeleton         Necr           N/A          4%          1    None
 Apportation              Tloc           ##....       4%          1    None
 Flame Tongue             Conj/Fire      ##...        4%          1    None
 Magic Dart               Conj           ##..         4%          1    None
 Pain                     Necr           ##..         4%          1    None
 Sandblast                Erth           ##....       4%          1    None
 Shock                    Conj/Air       ##..         4%          1    None
 Summon Butterflies       Summ           ##......     4%          1    None
 Summon Small Mammal      Summ           ##..         4%          1    None
 Call Imp                 Summ           ##......     7%          2    None
 Corpse Rot               Necr           N/A          7%          2    None
 Passwall                 Tmut/Erth      ##......     7%          2    None
 Poisonous Vapours        Pois/Air       ##....       7%          2    None
 Searing Ray              Conj           ##....       7%          2    None
 Sublimation of Blood     Necr           ##........   7%          2    None
 Throw Flame              Conj/Fire      ##....       7%          2    None
 Regeneration             Chrm/Necr      ###.......   7%          3    None
 Blink                    Tloc           N/A          8%          2    None
 Call Canine Familiar     Summ           ##......     14%         3    None
 Conjure Flame            Conj/Fire      ##......     14%         3    None
 Gell's Gravitas          Tloc           ##........   14%         3    None
 Lesser Beckoning         Tloc           ##........   14%         3    None
 Mephitic Cloud           Conj/Pois/Air  ##......     14%         3    None
 Recall                   Summ/Tloc      N/A          14%         3    None
 Static Discharge         Conj/Air       ##......     14%         3    None
 Stone Arrow              Conj/Erth      ##....       14%         3    None
 Teleport Other           Tloc           ##......     14%         3    None
 Vampiric Draining        Necr           ##........   14%         3    None
 Ice Form                 Ice/Tmut       ####....     24%         4    ##.....
 Summon Ice Beast         Ice/Summ       ####....     24%         4    ##.....
 Throw Icicle             Conj/Ice       ####....     24%         4    ##.....
 Airstrike                Air            ##........   43%         4    ##.....
 Animate Dead             Necr           N/A          43%         4    ##.....
 Force Lance              Conj/Tloc      ##......     43%         4    ##.....
 Iskenderun's Mystic Bla  Conj           ##......     43%         4    ##.....
 Passage of Golubria      Tloc           N/A          43%         4    ##.....
 Petrify                  Tmut/Erth      ##......     43%         4    ##.....
 Sticky Flame             Conj/Fire      ##......     43%         4    ##.....
 Summon Lightning Spire   Summ/Air       ##......     43%         4    ##.....
 Excruciating Wounds      Chrm/Necr      ###.......   54%         5    ####...
 Iskenderun's Battlesphe  Conj/Chrm      ###.....     54%         5    ####...
 Agony                    Necr           ##......     78%         5    ####...
 Alistair's Intoxication  Tmut/Pois      ##......     78%         5    ####...
 Bolt of Draining         Conj/Necr      ##........   78%         5    ####...
 Bolt of Magma            Conj/Fire/Erth ##........   78%         5    ####...
 Borgnjor's Vile Clutch   Necr/Erth      ##........   78%         5    ####...
 Dispel Undead            Necr           ##......     78%         5    ####...
 Fireball                 Conj/Fire      ##........   78%         5    ####...
 Irradiate                Conj/Tmut      ##........   78%         5    ####...
 Lee's Rapid Deconstruct  Erth           ##........   78%         5    ####...
 Lightning Bolt           Conj/Air       ##........   78%         5    ####...
 Venom Bolt               Conj/Pois      ##........   78%         5    ####...
 Ozocubu's Refrigeration  Ice            #####.....   87%         6    ######.
 Bolt of Cold             Conj/Ice       ####......   98%         6    ######.
 Simulacrum               Ice/Necr       ####......   98%         6    ######.
 Freezing Cloud           Conj/Ice/Air   ####......   99%         6    ######.
 Bolt of Fire             Conj/Fire      ##........   100%        6    ######.
 Conjure Ball Lightning   Conj/Air       ##........   100%        6    ######.
 Death Channel            Necr           ##........   100%        6    ######.
 Hydra Form               Tmut           ##........   100%        6    ######.
 Statue Form              Tmut/Erth      ##.......    100%        6    ######.
 Dragon Form              Tmut           ##........   100%        7    #######
 Haunt                    Necr/Summ      ##........   100%        7    #######
 Ring of Flames           Chrm/Fire      ###.......   100%        7    #######
 Spellforged Servitor     Conj/Summ      ##........   100%        7    #######
 Borgnjor's Revivificati  Necr           ##........   100%        8    #######
 Death's Door             Chrm/Necr      ###.......   100%        8    #######
 Infestation              Necr           ##........   100%        8    #######
 Necromutation            Tmut/Necr      ##........   100%        8    #######


Dungeon Overview and Level Annotations

Branches:
Dungeon (15/15)            Temple (1/1) D:7            Lair (6/6) D:10
 Shoals (4/4) Lair:3       Spider (4/4) Lair:3        Slime (4/5) Lair:6
    Orc (2/2) D:11            Elf (3/3) Orc:2        Vaults (5/5) D:13
  Crypt (0/3) Vaults:3     Depths (5/5) D:15
    Zot: Depths:5

Altars:
Ashenzari
Cheibriados
Elyvilon
Hepliaklqana
Kikubaaqudgha
Nemelex Xobeh
Qazlal
Ru
Sif Muna
Trog
Uskayaw
Zin
The Shining One
Beogh
Jiyva

Shops:
D:7 (*[%   D:8 [([*:   D:11 }   D:14 ?*   Orc:2 ?**%   Elf:1 ?   Elf:2 :*!*[
Elf:3 !   Shoals:2 :   Vaults:2 %!   Vaults:3 *   Vaults:5 !   Depths:2 [
Depths:5 %

Portals:
Hell: Depths:1 Depths:2 Depths:3 Depths:4
Abyss: Depths:2 Depths:4
Pandemonium: Depths:3 Depths:5
Ziggurat: Depths:3

Annotations:
D:10 exclusion: killer bee
Lair:1 1 runed translucent door, 1 exclusion
Spider:3 Arachne
Vaults:5 Frederick, Mennas


Innate Abilities, Weirdness & Mutations

You are very small and have problems with some larger weapons.
You are too small for most types of armour.
You have supernaturally acute eyesight. (SInv)
You are a herbivore.
You cover ground extremely quickly.
You need to consume almost no food.
You are surrounded by a mild repulsion field. (EV +2)
You are partially covered in yellow scales. (AC +2)
You can translocate small distances at will.
You are weak. (Str -2)


Message History

...and don't expect to remain undetected.
The merfolk completely misses you.
The merfolk siren chants a haunting song.
You are unaffected.
The manticore flicks its tail.
The volley of spikes hits the merfolk.
The merfolk avatar chants a haunting song.
You are unaffected.
The manticore flicks its tail.
The volley of spikes misses you. The water nymph casts a spell at you.
The water swirls and strikes you!
The water nymph's watery aura covers the stone staircase leading up.
The merfolk completely misses you.
The merfolk throws a silver boomerang.
You block the silver boomerang.
The weapon returns to the merfolk!
The merfolk siren closely misses you. The wind drake flaps its wings at you.
The air twists around and strikes you! The merfolk misses you.
You block the water nymph's attack.
The merfolk siren chants a haunting song.
You are unaffected.
The merfolk throws a silver boomerang.
The silver boomerang hits the merfolk siren.
The weapon returns to the merfolk!
The merfolk barely misses you.
The merfolk siren hits you but does no damage.
Press: ? - help, v - describe, . - travel
Here: a merfolk, wielding a +0 trident (moderately wounded, skewered by barbs) Some shallow water.
The merfolk avatar chants a haunting song.
You are unaffected.
The manticore flicks its tail.
The volley of spikes hits the merfolk siren!
The water nymph gestures at you while chanting.
The water swirls and strikes you! The merfolk completely misses you.
The wind drake bites you but does no damage.
The water nymph casts a spell at you. The water swirls and strikes you!
The merfolk throws a silver boomerang.
The silver boomerang hits the merfolk siren!!
The merfolk siren dies!
You hear a splash.
The weapon returns to the merfolk!
The merfolk siren chants a haunting song.
You are unaffected.
You block the merfolk's attack.
A manticore comes into view.
The manticore flicks its tail.
The volley of spikes misses you.
The volley of spikes hits the merfolk!
A merfolk comes into view. It is wielding a +0 glaive.
The manticore flicks its tail.
The volley of spikes hits the merfolk!
You block the merfolk's attack.
The water nymph flows with the water.
You enter the shallow water.
Moving in this stuff is going to be slow. ...and don't expect to remain undetected.
The manticore flicks its tail.
The volley of spikes misses you.
The manticore flicks its tail.
The volley of spikes misses you.
The volley of spikes hits the water nymph!
The merfolk avatar chants a haunting song.
You are unaffected.
You block the merfolk's attack. The water nymph completely misses you.
The manticore flicks its tail.
You block the volley of spikes.
The water nymph points at you and mumbles some strange words.
The water swirls and strikes you!
* * * LOW HITPOINT WARNING * * *
The merfolk completely misses you.
The merfolk siren chants a haunting song.
You are unaffected.
The merfolk misses you.
The merfolk shouts!
You block the water nymph's attack.
The merfolk dies!
You hear a splash.
The merfolk throws a silver boomerang.
The silver boomerang hits the water elemental.
The weapon returns to the merfolk!
The merfolk avatar chants a haunting song.
You are unaffected.
The manticore flicks its tail.
The volley of spikes misses the merfolk.
You block the volley of spikes. You block the merfolk's attack.
The water nymph completely misses you.
Really quaff
c - 3 potions of heal wounds {@q2 !q}?
You feel much better.
The water elemental completely misses you.
The merfolk completely misses you.
The merfolk siren chants a haunting song.
You are unaffected.
The manticore flicks its tail.
The volley of spikes hits the merfolk!
The water nymph casts a spell at you. The water swirls and strikes you!
* * * LOW HITPOINT WARNING * * *
The manticore flicks its tail.
The volley of spikes hits the water elemental!
A merfolk impaler comes into view. It is wielding a +0 trident.
The merfolk dies!
You hear a splash. x2
The water nymph gestures at you while chanting.
The water swirls and strikes you!
You die...

≈≈≈≈≈≈..##...≈≈≈≈≈≈≈≈≈≈≈.# *
≈ ≈≈≈≈≈≈..#.≈≈≈≈≈≈≈≈≈≈≈≈PP##
≈ ≈≈≈≈....#..≈≈m..≈≈≈≈≈≈P≈.
**
≈≈≈≈....#≈≈≈.##m≈)≈≈≈≈≈≈≈,,*
, ≈≈
≈≈≈≈≈......≈####mm≈≈≈≈≈≈≈≈,,,
≈≈ ≈≈≈{...##...#
#H≈≈≈≈≈≈≈≈≈≈≈ , ≈
≈≈≈m.#####..# #mH≈≈≈≈≈≈≈≈≈≈ ≈
≈ ≈≈≈.#* #..# #Emk≈≈≈≈≈≈≈,≈≈
≈ ** #@)m≈H≈≈m≈≈≈ , , ≈ ,** ,
##.≈≈≈≈≈≈≈≈ ≈ * ≈≈≈ , ,≈ ,
**.≈≈≈≈≈≈ ≈ ,≈,, , ≈ ≈≈ ≈ ∆*
**,≈≈≈≈≈≈≈≈ ,,≈ ,, ≈ ≈, , ≈
,* , ≈≈≈≈≈≈P≈≈ ≈≈ ≈, ≈ ≈≈ **
≈ ≈,* , ≈≈≈≈≈≈≈ ≈ ≈ ≈≈≈ , **
≈ ≈, * ≈≈≈≈≈≈≈≈ ≈≈≈ ≈≈ ≈≈≈
≈≈, * ,≈≈≈≈≈≈≈≈≈ ≈, ≈ ≈ ≈≈ *
*, ≈ ≈ ≈≈ ≈


You could see a merfolk avatar, a merfolk impaler, a wind drake, 2 merfolk, 3
manticores, a water elemental, a merfolk siren and 2 water nymphs.

Vanquished Creatures
  An ancient lich (Vaults:5)
  Rupert (Spider:1)
  2 tentacled monstrosities
  4 liches
  A quicksilver dragon (Vaults:5)
  An ancient champion (Vaults:3)
  8 acid blobs
  A tentacled starspawn (Abyss:1)
  Frances (Spider:1)
  5 sphinxes
  2 shadow dragons (Vaults:5)
  4 tengu reavers
  Donald (Spider:1)
  3 storm dragons
  4 azure jellies
  8 fire giants
  4 deep elf sorcerers
  11 frost giants
  An iron dragon (Vaults:5)
  Louise (Spider:1)
  2 ghost moths (Spider:4)
  4 vault wardens
  5 emperor scorpions
  2 ghouls (Vaults:3)
  2 deep elf elementalists
  8 ironheart preservers
  12 very ugly things
  Azrael (Orc:2)
  2 war gargoyles (Vaults:5)
  21 stone giants
  3 entropy weavers
  A vampire knight (Depths:5)
  Nessos (Lair:5)
  4 deep elf demonologists
  A white draconian (Depths:5)
  11 purple draconians (WizLab)
  The ghost of feta the Cruncher, a journeyman GnWn of the Shining One (Lair:2)
  2 deep elf annihilators
  9 statues (WizLab)
  9 ettins
  An eidolon (Vaults:3)
  2 blizzard demons (IceCv)
  6 spark wasps
  4 deep elf death magi
  The ghost of alpinistek the Thaumaturge, a journeyman DsFE of Vehumet (Elf:1)
  A crystal guardian (Vaults:5)
  Josephine (D:14)
  11 fire dragons
  2 deep elf high priests
  13 yaktaur captains
  A death ooze (Slime:1)
  13 merfolk impalers
  8 great orbs of eyes
  2 rakshasas (Depths:2)
  26 vault guards
  8 ice dragons
  Harold (D:8)
  3 death knights
  5 centaur warriors
  9 hydras
  A spriggan air mage (Depths:5)
  Erica (Lair:2)
  3 merfolk aquamancers
  2 merfolk avatars (Shoals:4)
  A catoblepas (Lair:3)
  30 dancing weapons
  8 death scarabs (Spider:4)
  6 tengu warriors
  2 alligator snapping turtles (Shoals:4)
  3 satyrs (Shoals:4)
  9 ogre magi
  2 deep troll shamans
  31 two-headed ogres
  A vampire mage (D:15)
  3 spriggan berserkers
  8 deep troll earth magi
  A hell knight (Depths:2)
  A spriggan (Depths:5)
  22 deep elf knights
  A spectral emperor scorpion (Spider:4)
  A fire crab (Volcano)
  2 iron trolls (Depths:1)
  A sixfirhy (Depths:2)
  2 unseen horrors (shapeshifter)
  A large abomination (Abyss:1)
  A shadow wraith (Vaults:2)
  24 deep trolls
  3 unseen horrors
  A spatial maelstrom (Abyss:1)
  5 glowing orange brains
  A kraken simulacrum (Shoals:4)
  8 sea snakes
  2 flayed ghosts
  12 deep elf archers
  7 ironbrand convokers
  15 harpies
  3 spectral wolf spiders (Spider:4)
  The ghost of Shaidar the Chopper, a novice MiBe of Trog (D:8)
  6 wizards
  15 orc knights
  2 lindwurms
  17 ugly things
  5 shining eyes
  A phantasmal warrior (Vaults:5)
  2 necromancers
  9 orb spiders
  9 fauns (Shoals:2)
  75 deep elf magi
  20 wolf spiders
  4 oklob plants
  8 manticores
  An orc sorcerer (Vaults:2)
  A fire giant skeleton (Depths:2)
  8 cyclopes
  A fire giant zombie (Depths:1)
  A salamander (Depths:1)
  2 frost giant zombies
  A worldbinder (Abyss:1)
  A moth of wrath (Spider:4)
  7 vault sentinels
  3 black mambas
  5 elephants
  9 merfolk sirens
  2 molten gargoyles (Volcano)
  A gargoyle (D:15)
  2 water nymphs
  A torpor snail (Lair:2)
  2 eyes of devastation
  A spiny frog (shapeshifter) (Vaults:2)
  5 ice statues (IceCv)
  5 centaur skeletons
  20 spiny frogs
  3 spectral redbacks (Spider:4)
  A rime drake (Lair:4)
  26 yaktaurs
  4 komodo dragons
  11 demonic crawlers
  4 redback zombies (Spider:4)
  5 freezing wraiths
  4 anaconda simulacra (IceCv)
  An efreet (D:14)
  2 ancient zymes (Abyss:1)
  4 tengu conjurers
  A spriggan skeleton (Depths:2)
  11 ice devils (IceCv)
  2 wind drakes (shapeshifter)
  A hellwing (Abyss:1)
  21 jumping spiders
  6 wind drakes
  A meliai (shapeshifter) (Vaults:1)
  A polar bear (Lair:6)
  3 spectral jumping spiders (Spider:4)
  16 merfolk
  6 trolls
  4 raiju (Abyss:2)
  7 hornets
  4 spectral tarantellas (Spider:4)
  4 tyrant leeches (Lair:6)
  6 dream sheep (Lair:6)
  A fire giant simulacrum (Vaults:2)
  28 blink frogs
  9 hippogriffs
  8 snapping turtles
  A jumping spider zombie (Spider:4)
  A meliai zombie (D:14)
  73 slime creatures
  3 shadows
  A tarantella (shapeshifter) (Vaults:2)
  50 yaks
  An elf zombie (Depths:2)
  3 air elementals
  3 starcursed masses (Abyss:2)
  An ettin skeleton (Depths:1)
  21 tarantellas
  31 redbacks
  9 water elementals
  A vampire (D:13)
  A human (D:7)
  9 wraiths
  Grum (D:8)
  5 wyverns
  3 basilisks
  3 fire bats (Volcano)
  2 dire elephant simulacra (IceCv)
  2 hungry ghosts
  9 fire elementals
  3 hogs (D:7)
  3 steam dragons
  8 vampire mosquitoes
  A yaktaur simulacrum (Depths:1)
  A spatial vortex (Abyss:1)
  13 wargs
  A harpy simulacrum (IceCv)
  An iron troll simulacrum (IceCv)
  2 hydra simulacra (IceCv)
  An acid dragon (shapeshifter) (Vaults:3)
  A floating eye (Depths:2)
  A soldier ant (D:14)
  7 porcupines
  A porcupine (shapeshifter) (Vaults:5)
  5 hell hounds
  14 water moccasins
  4 acid dragons
  43 orc warriors
  A spectral hornet (Spider:4)
  An ice beast (shapeshifter) (Vaults:5)
  3 hornet zombies
  4 ice beasts
  4 sky beasts
  2 black bears
  5 phantoms
  15 wolves
  27 ogres
  5 eyes of draining
  2 necrophages
  A boggart (shapeshifter) (Depths:5)
  14 centaurs
  9 crocodiles
  3 big kobolds
  29 bullfrogs
  2 earth elementals
  A water moccasin skeleton (D:10)
  3 scorpions
  15 killer bees
  A troll zombie (Ossuary)
  5 wights (D:9)
  8 howler monkeys
  3 electric eels
  6 crimson imps
  3 lava snakes (Volcano)
  A jelly (shapeshifter) (Vaults:5)
  3 centaur zombies
  2 quasits
  A human simulacrum (Vaults:1)
  22 orc priests
  3 bullfrog zombies
  4 jellies
  A gnoll shaman (D:10)
  12 hounds
  3 small abominations
  4 bullfrog skeletons
  An iron imp (Abyss:1)
  4 iguanas
  29 orc wizards
  4 worker ants
  2 ogre zombies (Ossuary)
  2 hound skeletons
  7 mummies (Ossuary)
  12 gnolls
  2 worker ant zombies (D:11)
  15 adders
  2 shadow imps
  A white imp (Abyss:1)
  4 oozes
  5 adder zombies
  7 worms
  4 dart slugs
  6 leopard geckos
  113 orcs
  4 giant cockroaches
  A gnoll zombie (Ossuary)
  8 goblins
  8 hobgoblins
  9 jackals
  9 quokkas
  2 ball pythons
  9 bats
  3 frilled lizards
  4 goblin zombies (Ossuary)
  3 hobgoblin zombies (Ossuary)
  A jackal skeleton (D:5)
  24 kobolds
  A kobold zombie (Ossuary)
  A leopard gecko zombie (D:5)
  A quokka skeleton (D:4)
  6 quokka zombies (Ossuary)
  7 rats
  6 rat zombies (Ossuary)
  A spectral weapon (Vaults:5)
1866 creatures vanquished.

Vanquished Creatures (collateral kills)
  2 ironheart preservers
  A stone giant (Vaults:5)
  2 ettins (Vaults:5)
  A death knight (Vaults:5)
  A deep elf knight (Vaults:3)
  A deep troll (Vaults:5)
  An ironbrand convoker (Vaults:5)
  An orange crystal statue (Elf:3)
  A deep elf mage (Vaults:3)
  2 orc knights
  3 yaktaurs (Vaults:3)
  A spectral jumping spider (Spider:4)
  2 jumping spiders
  2 redbacks (Spider:4)
  4 orc warriors
  A boggart (Vaults:3)
  3 ogres (Vaults:5)
  An orc priest (Orc:2)
  An orc wizard (Orc:2)
  8 orcs
39 creatures vanquished.

Vanquished Creatures (others)
  An ogre mage (Vaults:3)
  2 dancing weapons (Vaults:5)
  A deep elf mage (D:15)
  A merfolk siren (Shoals:3)
  A yaktaur (Vaults:1)
  A jumping spider (Spider:4)
  2 merfolk (Shoals:3)
  A redback (Spider:3)
  2 tarantellas
  An orc (Orc:2)
  A bush (Lair:6)
  9 fungi
  47 plants
  31 spectral weapons
  10 starspawn tentacles
  7 toadstools (Lair:1)
118 creatures vanquished.

Grand Total: 2023 creatures vanquished

Notes
Turn   | Place    | Note
-------+----------+-------------------------------------------
     0 | D:1      | MisterOstroum the Spriggan Enchanter began the quest for
                  | the Orb.
     0 | D:1      | Reached XP level 1. HP: 9/9 MP: 5/5
   265 | D:1      | Reached XP level 2. HP: 13/14 MP: 3/6
   321 | D:1      | Learned a level 2 spell: Ensorcelled Hibernation
   561 | D:1      | Reached skill level 5 in Stealth
   616 | D:1      | Reached skill level 1 in Fighting
   867 | D:1      | Reached XP level 3. HP: 14/18 MP: 8/8
  1502 | D:2      | You fall into a shaft and drop 2 floors!
  1553 | D:4      | Noticed a phantom
  1651 | D:4      | Reached XP level 4. HP: 19/22 MP: 4/9
  1656 | D:4      | Learned a level 3 spell: Confuse
  1822 | D:4      | Killed a phantom
  1822 | D:4      | Reached XP level 5. HP: 26/26 MP: 6/11
  2731 | D:3      | Reached XP level 6. HP: 30/32 MP: 6/13
  3038 | D:3      | Found a hide-covered altar of Uskayaw.
  4617 | D:4      | Reached skill level 5 in Hexes
  4712 | D:4      | Got a faintly glowing mace
  4721 | D:4      | Identified the +7 mace of Gonuebredwu {holy, -Tele rN+
                  | Dex+7 Stlth+} (You found it on level 4 of the Dungeon)
  4976 | D:4      | You fall into a shaft and drop 3 floors!
  4988 | D:7      | Found a sand-covered staircase.
  5112 | Ossuary  | Entered an ossuary
  5159 | Ossuary  | Reached XP level 7. HP: 24/36 MP: 15/15
  5383 | Ossuary  | Reached skill level 5 in Spellcasting
  6267 | D:7      | Noticed a hippogriff
  6280 | D:7      | Killed a hippogriff
  6436 | D:7      | Reached XP level 8. HP: 22/42 MP: 10/18
  6597 | D:7      | Found a staircase to the Ecumenical Temple.
  6603 | Temple   | Entered the Ecumenical Temple
  6761 | Temple   | Became a worshipper of Ashenzari the Shackled
  6838 | D:7      | Found Kiuwojo's Antique Armour Emporium.
  6842 | D:7      | Bought a thick robe for 131 gold pieces
  6842 | D:7      | Identified the +2 robe "Pakhlusun" {rPois rCorr Str+2
                  | Dex-2} (You bought it in a shop on level 7 of the Dungeon)
  6900 | D:7      | Found Ruecobba's Antique Weapon Emporium.
  7130 | D:5      | Entered Level 5 of the Dungeon
  7185 | D:5      | Got the uncursed robe of Inevitability {MR++}
  7246 | D:5      | Reached skill level 6 in Stealth
  7697 | D:5      | Identified the +2 robe of Inevitability {MR++} (You found
                  | it on level 5 of the Dungeon)
  7753 | D:5      | HP: 1/42 [orc priest/divine providence (15)]
  8426 | D:5      | Reached skill level 5 in Short Blades
  8428 | D:5      | Reached skill level 5 in Dodging
  9044 | D:6      | Reached XP level 9. HP: 45/45 MP: 11/20
  9503 | D:7      | Found Riggiri's Food Shoppe.
  9504 | D:7      | Identified the +3 leather armour of Pride {Regen+ rCorr
                  | Str+3} (You found it on level 5 of the Dungeon)
  9622 | D:7      | Reached skill level 7 in Stealth
  9635 | D:7      | Paralysed by a hornet for 1 turns
  9931 | D:7      | Found Niezimm's General Store.
 10007 | D:7      | Bought a potion of haste for 130 gold pieces
 10007 | D:7      | Bought a scroll of identify for 26 gold pieces
 10007 | D:7      | Bought a scroll of remove curse for 39 gold pieces
 10192 | D:7      | Reached * piety under Ashenzari
 10318 | D:7      | Reached skill level 8 in Stealth
 10367 | D:7      | Reached skill level 9 in Stealth
 10632 | D:8      | Noticed Grum
 10648 | D:8      | Reached skill level 5 in Fighting
 10654 | D:8      | Killed Grum
 10665 | D:8      | Found Icluf's Antique Weapon Emporium.
 10793 | D:8      | Found Bithidde's Armour Shop.
 10812 | D:8      | Noticed Harold
 10902 | D:9      | Reached skill level 10 in Stealth
 10902 | D:9      | Reached XP level 10. HP: 51/51 MP: 21/21
 10929 | D:9      | Found a sparkling altar of Nemelex Xobeh.
 11225 | D:9      | Noticed a cyclops
 11279 | D:9      | Killed a cyclops
 11306 | D:9      | Identified the +5 mace of Dazyec Xean {flame, *Slow rC+++
                  | Str+2 Int+2}
 11307 | D:9      | Identified the +6 arbalest "Goblin's Foe" {venom, rPois MR-
                  | MP+9 Str+7}
 11359 | D:9      | Noticed a deep elf mage
 11370 | D:9      | Killed a deep elf mage
 11546 | D:9      | Learned a level 3 spell: Tukima's Dance
 12216 | D:10     | Entered Level 10 of the Dungeon
 12273 | D:10     | Reached skill level 11 in Stealth
 12469 | D:10     | Found a staircase to the Lair.
 12700 | D:10     | Noticed a two-headed ogre
 12716 | D:10     | Killed a two-headed ogre
 13040 | D:10     | Noticed a two-headed ogre
 13100 | D:10     | Killed a two-headed ogre
 13100 | D:10     | Reached XP level 11. HP: 58/58 MP: 0/22
 13319 | D:10     | Noticed an unseen horror
 13321 | D:10     | Killed an unseen horror
 13321 | D:10     | Reached skill level 12 in Stealth
 13373 | Lair:1   | Entered Level 1 of the Lair of Beasts
 13394 | Lair:1   | Found a dark tunnel.
 13409 | Volcano  | Entered a volcano
 13525 | Volcano  | Reached ** piety under Ashenzari
 13791 | Volcano  | Found a radiant altar of Vehumet.
 13791 | Volcano  | Noticed a lindwurm
 13809 | Volcano  | Killed a lindwurm
 13937 | Volcano  | Noticed a fire crab
 13940 | Volcano  | Killed a fire crab
 13940 | Volcano  | Reached skill level 10 in Short Blades
 14535 | Lair:1   | Reached skill level 13 in Stealth
 14770 | Lair:1   | Noticed a seven-headed hydra
 14777 | Lair:1   | Killed a seven-headed hydra
 14792 | Lair:1   | Noticed a dire elephant
 14792 | Lair:1   | Noticed a lindwurm
 14793 | Lair:1   | Identified the +4 whip "Keologes" {freeze, Str+4}
 14807 | Lair:1   | Found a runed translucent door.
 15233 | Lair:2   | Found a runed translucent door.
 15233 | Lair:2   | Noticed feta's ghost (journeyman GnWn)
 15390 | Lair:2   | Noticed a death yak
 15391 | Lair:2   | Noticed a death yak
 15523 | D:11     | Noticed an eight-headed hydra
 15619 | D:11     | Killed an eight-headed hydra
 15678 | D:11     | Reached XP level 12. HP: 67/67 MP: 9/25
 15833 | D:11     | Noticed a two-headed ogre
 15841 | D:11     | Killed a two-headed ogre
 15971 | D:11     | Reached *** piety under Ashenzari
 16070 | D:11     | Found a staircase to the Orcish Mines.
 16245 | D:11     | Found Nanyroa's Gadget Shoppe.
 16329 | D:12     | Noticed a two-headed ogre
 16345 | D:12     | Killed a two-headed ogre
 16345 | D:12     | Reached skill level 14 in Stealth
 16416 | D:12     | Reached skill level 10 in Fighting
 17207 | D:13     | Found a stormy altar of Qazlal.
 17296 | D:13     | Noticed a vault guard
 17426 | D:13     | Reached skill level 15 in Stealth
 17479 | D:13     | Noticed a vault guard
 17486 | D:13     | Found a gate to the Vaults.
 17509 | D:13     | Noticed a vault guard
 17527 | D:13     | Noticed a vault guard
 17712 | Lair:2   | Identified 3 scrolls of acquirement
 17714 | Lair:2   | Identified the cursed ring of Yfue {+Fly Dex+2} (You
                  | acquired it on level 2 of the Lair of Beasts)
 17804 | Lair:2   | Reached **** piety under Ashenzari
 17833 | Lair:2   | Identified Ebihayd's Almanac of the Volcanoes and
                  | Conjuration (You acquired it on level 2 of the Lair of
                  | Beasts)
 17984 | Lair:3   | Found a staircase to the Shoals.
 17995 | Lair:3   | Reached skill level 16 in Stealth
 18054 | Lair:3   | Reached skill level 1 in Evocations
 18120 | Lair:3   | Noticed a five-headed hydra
 18127 | Lair:3   | Killed a five-headed hydra
 18172 | Lair:3   | Noticed a five-headed hydra
 18191 | Lair:3   | Killed a five-headed hydra
 18191 | Lair:3   | Reached skill level 10 in Dodging
 18434 | Lair:3   | Learned a level 3 spell: Spectral Weapon
 18500 | Lair:3   | Noticed a four-headed hydra
 18507 | Lair:3   | Killed a four-headed hydra
 18507 | Lair:3   | Reached XP level 13. HP: 72/72 MP: 26/26
 18913 | Lair:3   | Found a hole to the Spider Nest.
 19413 | Lair:4   | Reached ***** piety under Ashenzari
 20976 | Orc:1    | Entered Level 1 of the Orcish Mines
 21360 | Orc:1    | Reached skill level 17 in Stealth
 21476 | Orc:1    | Found a bloodstained altar of Trog.
 21561 | Orc:2    | Entered Level 2 of the Orcish Mines
 21635 | Orc:2    | Found a flickering gateway to a bazaar.
 21648 | Bazaar   | Entered a bazaar
 21648 | Bazaar   | Found Xulat's Weapon Shop.
 21672 | Bazaar   | Found Pesoneve's Distillery.
 21684 | Bazaar   | Found Joegecw's Food Boutique.
 21693 | Bazaar   | Found Idghourch's Weapon Boutique.
 21699 | Bazaar   | Found Nuafukit's Weapon Shoppe.
 21712 | Bazaar   | Bought 4 atropa-tipped darts for 38 gold pieces
 21712 | Bazaar   | Bought 3 atropa-tipped darts for 28 gold pieces
 21733 | Bazaar   | Bought a potion of curing for 33 gold pieces
 21733 | Bazaar   | Bought a potion of brilliance for 44 gold pieces
 21733 | Bazaar   | Bought a potion of might for 44 gold pieces
 21733 | Bazaar   | Bought a potion of mutation for 88 gold pieces
 21733 | Bazaar   | Bought a potion of curing for 33 gold pieces
 21733 | Bazaar   | Bought a potion of agility for 44 gold pieces
 21733 | Bazaar   | Bought a potion of might for 44 gold pieces
 21733 | Bazaar   | Bought a potion of invisibility for 88 gold pieces
 21740 | Bazaar   | Bought a ration for 45 gold pieces
 21740 | Bazaar   | Bought a ration for 45 gold pieces
 21740 | Bazaar   | Bought a ration for 45 gold pieces
 22160 | Orc:2    | Reached skill level 18 in Stealth
 22394 | Orc:2    | Found Xikhlok's Assorted Antiques.
 22394 | Orc:2    | Found Xoklat's Magic Scroll Boutique.
 22406 | Orc:2    | Bought a scroll of blinking for 82 gold pieces
 22428 | Orc:2    | Noticed Azrael
 22440 | Orc:2    | Killed Azrael
 22706 | Orc:2    | Found a roughly hewn altar of Beogh.
 22860 | Orc:2    | Found Joinak Wura's Food Emporium.
 22860 | Orc:2    | Found Ganitafu's General Store.
 23031 | Orc:2    | Found a staircase to the Elven Halls.
 23051 | Orc:2    | Found a roughly hewn altar of Beogh.
 23675 | D:8      | Killed Harold
 23675 | D:8      | Reached skill level 19 in Stealth
 23675 | D:8      | Reached XP level 14. HP: 66/79 MP: 16/27
 23858 | D:8      | Found Bozxacipp's Assorted Antiques.
 24165 | D:8      | Found a large runed translucent door.
 24166 | D:8      | Found a large runed translucent door.
 24167 | D:8      | Noticed Shaidar's ghost (novice MiBe)
 24183 | D:8      | Killed Shaidar's ghost
 24231 | D:8      | Found a roughly hewn altar of Beogh.
 24359 | D:8      | Found Tule Kagg's Book Emporium.
 24474 | D:8      | Found Wust's Armour Shoppe.
 24477 | D:8      | Bought a +0 buckler for 54 gold pieces
 25226 | D:13     | Reached skill level 1 in Shields
 25740 | D:14     | Identified the cursed ring of Duwis {Ice rPois rN++ Str+3
                  | Int-3} (You acquired it on level 14 of the Dungeon)
 25815 | D:14     | Noticed Josephine
 25819 | D:14     | Killed Josephine
 25912 | D:14     | Found Arenk's General Store.
 25980 | D:14     | Reached ****** piety under Ashenzari
 26140 | D:14     | Found Xaarefuli's Magic Scroll Boutique.
 26316 | D:14     | Found a sacrificial altar of Ru.
 26350 | D:14     | Reached skill level 20 in Stealth
 26502 | D:14     | Learned a level 6 spell: Invisibility
 26708 | D:14     | Identified Unizowk's Reference Book on Transformation and
                  | Combat Magic
 26710 | D:14     | Identified the Papyrus of Translocation and the Birds
 26715 | D:14     | Learned a level 2 spell: Swiftness
 27280 | Lair:2   | Noticed Erica
 27365 | Lair:2   | Killed Erica
 27389 | Lair:2   | Killed feta's ghost
 27982 | Lair:5   | Found a deep blue altar of Sif Muna.
 28329 | Lair:5   | Noticed Nessos
 28366 | Lair:5   | Killed Nessos
 28839 | Lair:6   | Entered Level 6 of the Lair of Beasts
 28991 | Lair:6   | Reached XP level 15. HP: 85/85 MP: 11/28
 28992 | Lair:6   | Reached skill level 21 in Stealth
 28992 | Lair:6   | Reached XP level 16. HP: 90/90 MP: 12/29
 29159 | Lair:6   | Reached XP level 17. HP: 87/94 MP: 21/30
 29873 | Lair:6   | Found a runed translucent door.
 29880 | Lair:6   | Found a viscous altar of Jiyva.
 29881 | Lair:6   | Found a staircase to the Slime Pits.
 30143 | Lair:6   | Upgraded the game from 0.24-a0-366-gc1c896e988 to
                  | 0.24-a0-370-g78e9d4e317
 30271 | Lair:6   | Reached skill level 22 in Stealth
 30652 | Spider:1 | Entered Level 1 of the Spider Nest
 30713 | Spider:1 | Noticed Frances
 30720 | Spider:1 | Killed Frances
 30827 | Spider:1 | Noticed Donald
 30832 | Spider:1 | Killed Donald
 31499 | Spider:1 | Noticed Louise
 31502 | Spider:1 | Killed Louise
 31505 | Spider:1 | Noticed Rupert
 31508 | Spider:1 | Killed Rupert
 33198 | Spider:3 | Noticed Arachne
 33212 | Spider:3 | Reached skill level 23 in Stealth
 33248 | Spider:3 | Reached skill level 15 in Dodging
 33460 | Spider:4 | Entered Level 4 of the Spider Nest
 33789 | Shoals:1 | Entered Level 1 of the Shoals
 33924 | Shoals:2 | Found Ganeh's Book Shop.
 33931 | Shoals:4 | Entered Level 4 of the Shoals
 34531 | Shoals:4 | Reached skill level 24 in Stealth
 34822 | Shoals:4 | Reached XP level 18. HP: 100/100 MP: 31/31
 34876 | Shoals:4 | Identified the +1 leather armour of Corupn {*Corrode MR+
                  | Dex+2}
 35066 | Shoals:4 | Reached skill level 25 in Stealth
 35070 | Shoals:4 | Got a barnacled rune of Zot
 35550 | Spider:4 | Identified the +5 hand axe "Sadam" {vamp, rF++}
 35603 | Spider:4 | Gained mutation: Your magical capacity is low. (-10% MP)
                  | [mutagenic glow]
 36020 | Spider:4 | Reached skill level 26 in Stealth
 36955 | Spider:4 | Reached skill level 27 in Stealth
 37247 | Spider:4 | Got a gossamer rune of Zot
 37624 | D:15     | Entered Level 15 of the Dungeon
 37650 | D:15     | Found a staircase to the Depths.
 38073 | D:15     | Reached skill level 10 in Hexes
 38616 | Depths:1 | Entered Level 1 of the Depths
 38663 | Depths:1 | HP: 2/100 [ettin skeleton[a necromancer] (23)]
 38914 | Depths:2 | Found a one-way gate to the infinite horrors of the Abyss.
 38928 | Depths:2 | Voluntarily entered the Abyss.
 38928 | Abyss:1  | Found a corrupted altar of Lugonu.
 38934 | Abyss:1  | Found a corrupted altar of Lugonu.
 39045 | Abyss:1  | Noticed a bone dragon
 39221 | Abyss:1  | Noticed a lich
 39287 | Abyss:1  | Gained mutation: You are weak. (Str -2) [mutagenic glow]
 39288 | Depths:2 | Escaped the Abyss
 39291 | Depths:2 | Lost mutation: You are weak. (Str -2) [potion of mutation]
 39291 | Depths:2 | Lost mutation: Your magical capacity is low. (-10% MP)
                  | [potion of mutation]
 39291 | Depths:2 | Gained mutation: You are frail. (-10% HP) [potion of
                  | mutation]
 39291 | Depths:2 | Gained mutation: You have a pair of small horns on your
                  | head. [potion of mutation]
 39292 | Depths:2 | Lost mutation: You are frail. (-10% HP) [potion of
                  | mutation]
 39292 | Depths:2 | Lost mutation: You have a pair of small horns on your head.
                  | [potion of mutation]
 39292 | Depths:2 | Gained mutation: Your flesh is heat resistant. (rF+)
                  | [potion of mutation]
 39292 | Depths:2 | Gained mutation: You can translocate small distances at
                  | will. [potion of mutation]
 39435 | Depths:2 | Found Zotiwkeo's Armour Boutique.
 39437 | Depths:2 | Found a gateway to Hell.
 39783 | Depths:2 | Reached XP level 19. HP: 101/105 MP: 21/32
 40009 | Depths:1 | Identified the +3 ring mail "Ytwouthread" {Str+4}
 40196 | Depths:1 | Identified the +6 morningstar of Baj Teol {crush, +Inv
                  | rPois}
 40852 | Vaults:1 | Entered Level 1 of the Vaults
 41028 | Vaults:1 | Found a magical portal.
 41086 | WizLab   | Entered Iskenderun's Mystic Tower
 41874 | WizLab   | Reached skill level 10 in Spellcasting
 42098 | WizLab   | Identified Iskenderun's Papyrus of Confrontation
 42098 | WizLab   | Identified Iskenderun's Volume of Attacks
 42863 | Vaults:1 | Found a bloodstained altar of Trog.
 45085 | Depths:2 | Voluntarily entered the Abyss.
 45773 | Depths:2 | Escaped the Abyss
 45887 | Depths:2 | Reached skill level 15 in Fighting
 45887 | Depths:2 | Reached XP level 20. HP: 62/113 MP: 28/35
 47069 | Depths:2 | Learned a level 1 spell: Infusion
 47072 | Depths:2 | Learned a level 2 spell: Shroud of Golubria
 47395 | Orc:2    | Bought a scroll of identify for 22 gold pieces
 47395 | Orc:2    | Bought a scroll of identify for 22 gold pieces
 47395 | Orc:2    | Bought a scroll of remove curse for 33 gold pieces
 47395 | Orc:2    | Bought a scroll of identify for 22 gold pieces
 47395 | Orc:2    | Bought a scroll of identify for 22 gold pieces
 47395 | Orc:2    | Bought a scroll of remove curse for 33 gold pieces
 47427 | Orc:2    | Bought 2 potions of curing for 96 gold pieces
 47557 | D:14     | Bought a scroll of magic mapping for 45 gold pieces
 47557 | D:14     | Bought a scroll of teleportation for 39 gold pieces
 47557 | D:14     | Bought a scroll of teleportation for 39 gold pieces
 47575 | D:14     | Bought a scroll of teleportation for 42 gold pieces
 47575 | D:14     | Bought a potion of flight for 42 gold pieces
 47712 | D:11     | Bought a wand of iceblast (8) for 144 gold pieces
 47712 | D:11     | Bought a wand of digging (8) for 288 gold pieces
 47712 | D:11     | Bought a lightning rod (4/4) for 480 gold pieces
 47828 | D:8      | Bought a scroll of teleportation for 69 gold pieces
 47828 | D:8      | Bought a scroll of blinking for 172 gold pieces
 47828 | D:8      | Bought a potion of curing for 69 gold pieces
 47828 | D:8      | Bought a scroll of teleportation for 69 gold pieces
 47828 | D:8      | Bought a wooden ring for 115 gold pieces
 47903 | D:7      | Bought a scroll of teleportation for 39 gold pieces
 48163 | Depths:2 | Voluntarily entered the Abyss.
 48283 | Abyss:2  | Found an iron altar of Okawaru.
 48283 | Abyss:2  | Found a radiant altar of Vehumet.
 48283 | Abyss:2  | Found a white marble altar of Elyvilon.
 48283 | Abyss:2  | Found a burning altar of Makhleb.
 48283 | Abyss:2  | Found a snail-covered altar of Cheibriados.
 48283 | Abyss:2  | Found a shattered altar of Ashenzari.
 48284 | Abyss:2  | Found a shimmering altar of Xom.
 48284 | Abyss:2  | Found a hide-covered altar of Uskayaw.
 48284 | Abyss:2  | Found a glowing silver altar of Zin.
 48284 | Abyss:2  | Found a basalt altar of Yredelemnul.
 48285 | Abyss:2  | Found an opulent altar of Gozag.
 48310 | Abyss:2  | Found a corrupted altar of Lugonu.
 48373 | Depths:2 | Escaped the Abyss
 48483 | Depths:2 | Voluntarily entered the Abyss.
 48513 | Abyss:1  | Noticed a bone dragon
 48518 | Abyss:1  | Found a corrupted altar of Lugonu.
 48672 | Abyss:2  | Found a corrupted altar of Lugonu.
 48684 | Depths:2 | Escaped the Abyss
 48862 | Elf:1    | Entered Level 1 of the Elven Halls
 48953 | Elf:1    | Found a large runed translucent door.
 49173 | Elf:1    | Found Biulil's Magic Scroll Emporium.
 49242 | Elf:1    | Bought a scroll of fog for 26 gold pieces
 49242 | Elf:1    | Bought a scroll of teleportation for 39 gold pieces
 49242 | Elf:1    | Bought a scroll of teleportation for 39 gold pieces
 49242 | Elf:1    | Bought 3 scrolls of remove curse for 117 gold pieces
 49242 | Elf:1    | Bought 2 scrolls of remove curse for 78 gold pieces
 49242 | Elf:1    | Bought a scroll of teleportation for 39 gold pieces
 49242 | Elf:1    | Bought a scroll of remove curse for 39 gold pieces
 49927 | Elf:1    | Found a large runed translucent door.
 49927 | Elf:1    | Noticed alpinistek's ghost (journeyman DsFE)
 50125 | Elf:1    | Killed alpinistek's ghost
 50215 | Elf:2    | Found Yhupes's General Store.
 50218 | Elf:2    | Found a frozen archway.
 50274 | IceCv    | Entered an ice cave
 50546 | IceCv    | Identified the +6 rapier of the Whelk {vamp, rC+ MR- Dex+6
                  | SInv}
 50997 | Elf:2    | Found Epsios's Armour Shoppe.
 51106 | Elf:2    | Found Wous's Distillery.
 51553 | Elf:2    | Found Ciytiuc's General Store.
 51592 | Elf:2    | Found Citezumo's Book Boutique.
 51650 | Elf:2    | Found a huge runed translucent gate.
 51650 | Elf:2    | Found a huge runed translucent gate.
 51651 | Elf:2    | Found a huge runed translucent gate.
 51652 | Elf:2    | Found a huge runed translucent gate.
 51658 | Elf:2    | Found a huge runed translucent gate.
 52689 | Elf:3    | Entered Level 3 of the Elven Halls
 52957 | Elf:3    | Found Ytot's Distillery.
 52962 | Elf:3    | Reached XP level 21. HP: 119/119 MP: 36/36
 54672 | Elf:1    | Bought a scroll of silence for 97 gold pieces
 54672 | Elf:1    | Bought a scroll of silence for 97 gold pieces
 54672 | Elf:1    | Bought a scroll of enchant armour for 97 gold pieces
 55223 | Depths:3 | Found a one-way gate leading to the halls of Pandemonium.
 55262 | Depths:3 | Reached skill level 1 in Armour
 55727 | Vaults:2 | Reached skill level 5 in Evocations
 55961 | Vaults:2 | Found Azeqikky's Distillery.
 56114 | Vaults:2 | Bought a potion of heal wounds for 70 gold pieces
 56125 | Vaults:2 | Found Xoiguame's Food Shoppe.
 56289 | Vaults:2 | Lost mutation: Your flesh is heat resistant. (rF+)
                  | [mutagenic glow]
 57308 | Vaults:3 | Found a staircase to the Crypt.
 58240 | Vaults:3 | Found Uvuraint's Assorted Antiques.
 58248 | Vaults:3 | Bought a scroll labeled POARUTU AKOSE for 31 gold pieces
 58888 | Vaults:5 | Entered Level 5 of the Vaults
 58898 | Vaults:5 | Identified the +5 fire dragon scales of the Tarantula
                  | {*Drain rF++ rC- Regen+ Str+2}
 58901 | Vaults:5 | Noticed Frederick
 58904 | Vaults:5 | Identified the +8 hand crossbow "Neik" {elec, +Blink rPois
                  | rC+}
 58911 | Vaults:5 | Noticed an ancient lich
 59558 | Vaults:5 | Found Taeceh's Distillery.
 59748 | Vaults:5 | Identified the ring of the Prince of Darkness {MP+9 Slay+2
                  | Stlth+}
 59975 | Vaults:5 | Killed an ancient lich
 60212 | Vaults:5 | Identified the +10 great mace "Daolutath" {freeze, +Inv}
 60249 | Vaults:5 | Reached XP level 22. HP: 59/127 MP: 2/37
 60359 | Vaults:5 | Noticed Mennas
 60592 | Vaults:5 | Identified the +5 flail of Change {freeze, MR+}
 61246 | Vaults:5 | Identified the ring of Epetink {+Blink rN+++ Int+4}
 61884 | Vaults:5 | Noticed a golden dragon
 61935 | Vaults:5 | Reached skill level 1 in Charms
 61958 | Vaults:5 | Identified the +5 chain mail of Action {Int-4 Dex+5}
 62015 | Vaults:5 | Reached skill level 15 in Short Blades
 62887 | Vaults:5 | Identified the Handbook of Harmful Moulding
 62889 | Vaults:5 | Identified Iskenderun's Compendium of Combat Magic
 62891 | Vaults:5 | Identified the Compendium of Snow
 62897 | Vaults:5 | Learned a level 3 spell: Summon Guardian Golem
 62903 | Vaults:5 | Learned a level 5 spell: Metabolic Englaciation
 62909 | Vaults:5 | Learned a level 5 spell: Yara's Violent Unravelling
 63045 | Vaults:5 | Noticed a golden dragon
 64786 | Vaults:5 | Got a silver rune of Zot
 65489 | Elf:2    | Bought a book of Debilitation for 560 gold pieces
 65494 | Elf:2    | Learned a level 4 spell: Cause Fear
 65904 | Depths:3 | Found a hazy altar of Hepliaklqana.
 65988 | Depths:3 | Found a gateway to a ziggurat.
 67038 | Depths:4 | Reached XP level 23. HP: 134/134 MP: 35/38
 67159 | Depths:5 | Entered Level 5 of the Depths
 67561 | Depths:5 | Found Deffatuaku's Food Boutique.
 67593 | Depths:5 | Bought a ration for 65 gold pieces
 67593 | Depths:5 | Bought a ration for 65 gold pieces
 67593 | Depths:5 | Bought a ration for 65 gold pieces
 67593 | Depths:5 | Bought a ration for 65 gold pieces
 67724 | Depths:5 | Noticed a juggernaut
 67913 | Depths:5 | Reached skill level 1 in Ice Magic
 70816 | Slime:1  | Entered Level 1 of the Pits of Slime
 72220 | Slime:1  | Gained mutation: You are occasionally teleported next to
                  | monsters. [a shining eye]
 72231 | Slime:1  | Gained mutation: Potions are less effective at restoring
                  | your health. [a shining eye]
 72235 | Slime:1  | Gained mutation: Your body sometimes deteriorates upon
                  | taking damage. [a shining eye]
 74765 | Shoals:1 | Lost mutation: Potions are less effective at restoring your
                  | health. [potion of mutation]
 74765 | Shoals:1 | Lost mutation: Your body sometimes deteriorates upon taking
                  | damage. [potion of mutation]
 74765 | Shoals:1 | Lost mutation: You are occasionally teleported next to
                  | monsters. [potion of mutation]
 74765 | Shoals:1 | Gained mutation: You are weak. (Str -2) [potion of
                  | mutation]
 74765 | Shoals:1 | Gained mutation: You are partially covered in yellow
                  | scales. (AC +2) [potion of mutation]
 74765 | Shoals:1 | Gained mutation: You are surrounded by a mild repulsion
                  | field. (EV +2) [potion of mutation]
 76214 | Shoals:3 | Killed from afar by a water nymph

Levels and vault maps discovered:
D:1:      dpeg_arrival_court, layout_loops_ring, chequers_serial_rivers_small_b
D:2:      layout_loops_ring, serial_glass, glass_columns_b, glass_columns_a,
          first_ration
D:3:      minmay_razor_zed, layout_basic, eat_drink_and_be_merry_uskayaw
D:4:      layout_layer_cave, serial_forest, infiniplex_forest_end_3,
          infiniplex_forest_clump_medium, infiniplex_forest_lined_ring,
          infiniplex_forest_corner_1, infiniplex_forest_end_1,
          infiniplex_forest_lined_room_, infiniplex_forest_clump_large,
          kennysheep_small_square
D:5:      layout_rooms
D:6:      layout_loops_ring
D:7:      layout_loops_ring, minmay_temple_entry_proselytizer,
          nicolae_ossuary_entry_monument, serial_shops, nicolae_shop_crystal,
          shop, kennysheep_mini_moat, shop, minivault_10, grunt_livestock
D:8:      layout_loops_cross, ebering_ghost_disaster_area, serial_shops,
          nicolae_shop_behind_doors, shop, shop_fountains,
          nicolae_shop_temple_entry_statues_fountains, shop, grunt_ministairs_1,
          hangedman_abyss_or_decor_stagger, david_defended_altar_orc,
          uniq_harold, uniq_grum
D:9:      layout_basic, basic_altar, minmay_diamond_spiral
D:10:     layout_roguey, erik_lair_orcish_takeover
D:11:     layout_rooms, orc_0_dummy, serial_shops, nicolae_shop_behind_doors
D:12:     layout_rooms
D:13:     layout_irregular_city, lightli_vaults_fourway_checkpoint, basic_altar,
          kennysheep_generic_room_11
D:14:     cheibrodos_lost_city_excavation, layout_stronghold,
          old_standard_altar, serial_shops, shop_fountains, nicolae_shop_trees,
          uniq_josephine
D:15:     grunt_enter_depths_hoard, layout_basic, minivault_14
Temple:   compressed_dpeg_triangle_lava_temple
Lair:1:   gammafunk_lair_enchanted_lake, layout_big_grid, enter_volcano_1,
          grunt_megastairs_5, lemuel_fruit_tree
Lair:2:   layout_roguey, hellmonk_ghost_happy_afterlife, uniq_erica
Lair:3:   layout_gridlike, elwin_shoals_entry_rocks,
          nicolae_spider_entry_orb_guardian, kennysheep_catoblepas_arena
Lair:4:   layout_cave_pods
Lair:5:   layout_cave_pods, basic_altar, uniq_nessos
Lair:6:   minmay_lair_end_frog_pond, layout_concentric_octagons, slime_altar_2,
          minmay_lair_oklob_chamber
Shoals:1: layout_shoals, nicolae_shoals_so_close
Shoals:2: layout_shoals, nicolae_shoals_c_island
Shoals:3: layout_shoals, nicolae_shoals_drake_roost, uniq_polyphemus
Shoals:4: shoals_end_grunt_ice, layout_shoals
Spider:1: layout_spider_delve, uniq_rupert, uniq_donald, uniq_louise,
          uniq_frances
Spider:2: layout_chambers
Spider:3: layout_spider_delve, uniq_arachne
Spider:4: floodkiller_spider_rune_tomb
Slime:1:  layout_caves, nicolae_slime_barrier,
          cheibrodos_slime_lost_civilization_4
Slime:2:  layout_caves
Slime:3:  cheibrodos_slime_lost_civilization_8, layout_caves
Slime:4:  layout_caves
Orc:1:    layout_caves, trog_hazing_becter
Orc:2:    st_orc_town, layout_caves, serial_shops, bzr_entry_road, mines2_david,
          uniq_azrael
Elf:1:    eino_elf_arrival_sip, layout_loops_corners, serial_shops,
          shop_fountains, ebering_ghost_disaster_area
Elf:2:    layout_gridlike, serial_shops, shop, shop, nicolae_shop_waterfront,
          shop, nicolae_shop_waterfront, portal_ice_cave_entry_pillars_three
Elf:3:    minmay_elf_hall_spiked, layout_loops_ring, serial_shops,
          nicolae_shop_waterfront, minivault_15
Vaults:1: nicolae_vaults_little_squares_3, v_alt_pattern_4, vaults_room_octagon,
          grunt_vaults_trifunnel, nicolae_vaults_back_hallway, v_misc_28,
          vaults_standard_mumra_enter_the_diamond, grunt_vaults_diagonal,
          v_alt_pattern_4, hangedman_vaults_nails, grunt_vaults_focal,
          nicolae_vaults_murderbox, layout_vaults_omnicross, basic_altar,
          mu_enter_wizlab_4
Vaults:2: hangedman_vaults_stretched_pinwheel, v_alt_pattern_4,
          nicolae_vaults_little_squares_2, nicolae_vaults_network_star,
          nicolae_vaults_big_ls, hangedman_vaults_corner_blocks,
          hangedman_vaults_corner_blocks, ontoclasm_vaults_fault,
          layout_vaults_quadrants, serial_shops, nicolae_shop_statue_plus, shop
Vaults:3: v_alt_pattern_6, vaults_room_door_hall, minmay_crypt_entry_simple_box,
          hangedman_vaults_stagger, v_alt_pattern_1,
          nicolae_vaults_network_square, v_rooms_1, vaults_mumra_hex,
          layout_vaults_big_room, serial_shops,
          nicolae_shop_temple_entry_statues_fountains
Vaults:4: serial_ice_g, v_alt_pattern_2, hangedman_vaults_unwind,
          ontoclasm_vaults_spin, dpeg_vaults_waves, v_misc_5,
          grunt_vaults_twisty, nicolae_vaults_specimen_jars,
          nicolae_vaults_three_branches, ontoclasm_vaults_loading_screen,
          v_misc_16, layout_vaults_omnibox, serial_shops, shop
Vaults:5: uniq_frederick, uniq_mennas
Depths:1: layout_cave_pools, serial_rivers, chequers_serial_rivers_small_a,
          chequers_serial_rivers_marsh, chequers_serial_rivers_small_b,
          chequers_serial_rivers_small_a, chequers_serial_rivers_micro_c,
          chequers_serial_rivers_small_3, pf_hell_entry_tar_spiral, drop_trap,
          minmay_misc_feat_pillars, hangedman_abyss_or_decor_slice, minivault_1,
          serial_bayou_shore_b
Depths:2: minmay_connected_boxes_in_corner, layout_honeycomb, serial_shops,
          shop_fountains, hell_entry, chequers_serial_rivers_large_a,
          abyss_entry, minmay_staircase_statues_hall_small
Depths:3: abrahamwl_protected_by_tso_2, layout_honeycomb, enter_ziggurat_f,
          basic_altar, rand_demon_pan_entry_5, hell_entry,
          infiniplex_staircase_pool_2
Depths:4: wad_arrow_thing, layout_cave_pools,
          nicolae_abyss_entry_one_way_or_another, serial_sigils_hangedman_shear,
          hell_entry
Depths:5: evilmike_zot_entry_round, layout_gridlike, pan_entry,
          minmay_misc_feat_rows, serial_shops, nicolae_shop_waterfront,
          pf_coc_iceberg, kennysheep_four_rooms, roderic_lattice_octagonal_star

Skill      XL: |  1  2  3  4  5  6  7  8  9 10 11 12 13 14 15 16 17 18 19 20 21 22 23 |
---------------+----------------------------------------------------------------------+-----
Stealth        | 5 6 10 11 13 16 19 20 21 24 27 | 27.0
Fighting       | 1 2 3 4 5 7 9 10 11 12 13 15 16 17 18 19 | 19.6
Short Blades   | 2 3 4 6 8 9 10 14 16 18 | 18.6
Spellcasting   | 3 4 6 7 8 10 | 10.2
Hexes          | 4 5 6 7 8 9 10 11 13 | 13.1
Dodging        | 6 7 10 12 16 17 20 25 | 25.0
Evocations     | 2 7 |  7.3
Shields        | 6 7 |  7.4
Armour         | 1 |  1.0
Charms         | 1 |  1.3
Ice Magic      | 1 |  1.3

Action                   |  1- 3 |  4- 6 |  7- 9 | 10-12 | 13-15 | 16-18 | 19-21 | 22-24 || total
-------------------------+-------+-------+-------+-------+-------+-------+-------+-------++-------
Melee: Dagger            |   119 |   206 |   383 |   260 |       |       |       |       ||   968
       Mace              |       |    22 |     3 |       |       |       |       |       ||    25
       Quick blade       |       |       |       |   327 |   997 |  1401 |  2153 |  1864 ||  6742
Throw: Dart              |       |    37 |     7 |    31 |    33 |    19 |    57 |    14 ||   198
       Stone             |       |     2 |    38 |    27 |     3 |       |       |       ||    70
       Boomerang         |       |       |       |    22 |    73 |    53 |    45 |    33 ||   226
 Cast: Corona            |     5 |       |       |       |       |       |       |       ||     5
       Ensorcelled Hiber |     6 |    33 |    47 |   125 |   123 |   119 |    74 |    15 ||   542
       Confuse           |       |    12 |    39 |   105 |    95 |   101 |   122 |    73 ||   547
       Tukima's Dance    |       |       |       |     2 |    15 |       |    18 |    28 ||    63
       Invisibility      |       |       |       |       |    10 |    21 |    38 |     6 ||    75
       Spectral Weapon   |       |       |       |       |       |     1 |    52 |    71 ||   124
       Infusion          |       |       |       |       |       |       |    16 |    18 ||    34
       Shroud of Golubri |       |       |       |       |       |       |     2 |       ||     2
       Metabolic Englaci |       |       |       |       |       |       |       |     1 ||     1
       Cause Fear        |       |       |       |       |       |       |       |     3 ||     3
Invok: Curse Item        |       |       |     7 |     1 |       |     3 |     4 |       ||    15
 Abil: Blink             |       |       |       |       |       |       |     8 |     5 ||    13
Evoke: Wand              |       |       |       |       |     1 |     9 |    14 |     5 ||    29
       Phial of floods   |       |       |       |       |       |       |     3 |       ||     3
       Box of beasts     |       |       |       |       |       |       |     2 |       ||     2
       Lightning rod     |       |       |       |       |       |       |     2 |       ||     2
       Sack of spiders   |       |       |       |       |       |       |     2 |       ||     2
       Phantom mirror    |       |       |       |       |       |       |     1 |       ||     1
  Use: Scroll            |       |     7 |     5 |    18 |    18 |    19 |    22 |     9 ||    98
       Potion            |       |       |       |     1 |     5 |     8 |    10 |    10 ||    34
 Stab: Sleeping          |     9 |    36 |    46 |   109 |   123 |   155 |   174 |    77 ||   729
       Distracted        |     1 |     1 |     1 |     4 |     7 |     8 |    25 |    42 ||    89
       Confused          |       |     4 |    23 |    52 |    62 |    58 |    60 |    27 ||   286
       Invisible         |       |       |       |       |     7 |    43 |    99 |    27 ||   176
  Eat: Ration            |       |     3 |     3 |     4 |     8 |    10 |    18 |    11 ||    57
Armor: Robe              |    11 |    10 |    13 |    20 |    25 |    28 |    29 |    26 ||   162
       Fire dragon scale |       |       |       |       |       |       |     1 |       ||     1
Dodge: Dodged            |    89 |   165 |   217 |   264 |   468 |   705 |   696 |   630 ||  3234
Block: Buckler           |       |       |       |       |       |   381 |   427 |   350 ||  1158

Table legend:
 A = Non-vault XP
 B = Vault XP
 C = Vault XP percentage of total XP
 D = Non-vault monster count
 E = Vault monster count
 F = Vault count percentage of total count
                 A         B        C        D         E       F
            +---------+---------+-------+---------+---------+-------
      Total |  506399 |  362522 |  41.7 |    1253 |     653 |  34.3
            +---------+---------+-------+---------+---------+-------
        D:1 |      45 |       0 |   0.0 |      23 |       0 |   0.0
        D:2 |      63 |       0 |   0.0 |      16 |       0 |   0.0
        D:3 |     152 |      49 |  24.4 |      34 |      15 |  30.6
        D:4 |     275 |       0 |   0.0 |       8 |       0 |   0.0
        D:5 |     479 |       0 |   0.0 |      16 |       0 |   0.0
        D:6 |     732 |       0 |   0.0 |      26 |       0 |   0.0
        D:7 |    1378 |     970 |  41.3 |      21 |       6 |  22.2
        D:8 |    1787 |    2268 |  55.9 |      38 |      10 |  20.8
        D:9 |    1631 |    1180 |  42.0 |      36 |       4 |  10.0
       D:10 |    3629 |     650 |  15.2 |      26 |       9 |  25.7
       D:11 |    3377 |       0 |   0.0 |      27 |       0 |   0.0
       D:12 |    5322 |       0 |   0.0 |      40 |       0 |   0.0
       D:13 |    3022 |    5172 |  63.1 |      17 |      13 |  43.3
       D:14 |    8488 |    5719 |  40.3 |      35 |      12 |  25.5
       D:15 |    5980 |    2083 |  25.8 |      19 |       2 |   9.5
     Lair:1 |    2541 |    2065 |  44.8 |      15 |       6 |  28.6
     Lair:2 |    3900 |    2153 |  35.6 |      20 |       2 |   9.1
     Lair:3 |    8420 |    2027 |  19.4 |      32 |       4 |  11.1
     Lair:4 |    8610 |       0 |   0.0 |      37 |       0 |   0.0
     Lair:5 |    3866 |    1315 |  25.4 |      16 |       1 |   5.9
     Lair:6 |    7338 |   14185 |  65.9 |      21 |      58 |  73.4
   Shoals:1 |    8190 |     189 |   2.3 |      18 |       1 |   5.3
   Shoals:2 |   18774 |       0 |   0.0 |      38 |       0 |   0.0
   Shoals:3 |    2398 |       0 |   0.0 |       5 |       0 |   0.0
   Shoals:4 |    9596 |   20244 |  67.8 |      20 |      28 |  58.3
   Spider:1 |   13100 |    8744 |  40.0 |      29 |       4 |  12.1
   Spider:2 |    5190 |       0 |   0.0 |      16 |       0 |   0.0
   Spider:3 |    8428 |       0 |   0.0 |      24 |       0 |   0.0
   Spider:4 |    6947 |   34965 |  83.4 |      21 |      71 |  77.2
    Slime:1 |   10906 |       0 |   0.0 |      13 |       0 |   0.0
    Slime:2 |   22594 |       0 |   0.0 |      36 |       0 |   0.0
    Slime:3 |   11842 |       0 |   0.0 |      14 |       0 |   0.0
    Slime:4 |     268 |       0 |   0.0 |       1 |       0 |   0.0
      Orc:1 |    1036 |      11 |   1.1 |      13 |       6 |  31.6
      Orc:2 |    1658 |   10139 |  85.9 |      28 |      73 |  72.3
      Elf:1 |   13733 |    2306 |  14.4 |      21 |       3 |  12.5
      Elf:2 |   13487 |   23860 |  63.9 |      22 |      30 |  57.7
      Elf:3 |   25555 |    4467 |  14.9 |      40 |       4 |   9.1
   Vaults:1 |   18160 |   12462 |  40.7 |      40 |      25 |  38.5
   Vaults:2 |   21650 |   11143 |  34.0 |      44 |      18 |  29.0
   Vaults:3 |   20610 |   12743 |  38.2 |      43 |      26 |  37.7
   Vaults:4 |       0 |    1045 | 100.0 |       0 |       2 | 100.0
   Vaults:5 |   43131 |   82614 |  65.7 |      55 |      66 |  54.5
   Depths:1 |   24743 |       0 |   0.0 |      29 |       0 |   0.0
   Depths:2 |   28039 |   24910 |  47.0 |      36 |      21 |  36.8
   Depths:3 |   48465 |       0 |   0.0 |      52 |       0 |   0.0
   Depths:4 |   24963 |   18353 |  42.4 |      34 |      12 |  26.1
   Depths:5 |   22979 |    7977 |  25.8 |      19 |       7 |  26.9
    Abyss:1 |    6839 |       0 |   0.0 |      12 |       0 |   0.0
    Abyss:2 |    2083 |       0 |   0.0 |       7 |       0 |   0.0
    Ossuary |       0 |     346 | 100.0 |       0 |      37 | 100.0
      IceCv |       0 |   10487 | 100.0 |       0 |      28 | 100.0
    Volcano |       0 |    3017 | 100.0 |       0 |      13 | 100.0
     WizLab |       0 |   32664 | 100.0 |       0 |      36 | 100.0
            +---------+---------+-------+---------+---------+-------
